 Dungeon Crawl Stone Soup version 0.24-a0-203-gf0bc1e9 (webtiles) character file.

Game seed: 5800210274504536386

40504 Hasart the Scorcher (level 13, -5/72 HPs)
             Began as a Deep Elf Fire Elementalist on Mar 27, 2019.
             Was a High Priest of Sif Muna.
             Slain by a komodo dragon (47 damage)
             ... on level 6 of the Lair of Beasts.
             The game lasted 01:03:52 (23846 turns).

Hasart the Scorcher (Deep Elf Fire Elementalist)   Turns: 23846, Time: 01:03:53

Health: -5/72      AC: 12    Str:  5    XL:     13   Next: 75%
Magic:  5/32       EV: 17    Int: 31    God:    Sif Muna [*****.]
Gold:   863        SH:  0    Dex: 15    Spells: 17/38 levels left

rFire    + + +     SeeInvis .   x - +7 short sword of Gachabb {pierce, rC+}
rCold    + . .     Gourm    .   (no shield)
rNeg     . . .     Faith    .   k - +2 robe {MR+}
rPois    .         Spirit   .   e - +1 helmet {Int+3}
rElec    .         Reflect  .   h - +1 cloak {MR+}
rCorr    .         Harm     .   B - +1 pair of gloves
MR       +++++                  G - +1 pair of boots "Haixoti" {*Corrode rF+++ MR++ Stlth-}
Stlth    +.........             l - amulet of the acrobat
HPRegen  0.22/turn              A - ring of flight
MPRegen  0.23/turn              s - +2 ring of intelligence

@: about to teleport, sleeping
A: no striking features
a: Divine Energy, Channel Magic, Forget Spell, Renounce Religion, Evoke Flight


You were on level 6 of the Lair of Beasts.
You worshipped Sif Muna.
Sif Muna was extremely pleased with you.
You were not hungry.

You visited 2 branches of the dungeon, and saw 18 of its levels.
You also visited: Gauntlet.

You collected 914 gold pieces.
You spent 51 gold pieces at shops.

Inventory:

Hand Weapons
 x - the +7 short sword of Gachabb (weapon) {pierce, rC+}
   (You found it on level 5 of the Dungeon)

   It inflicts extra damage upon your enemies.
   It protects you from cold.
Armour
 e - a +1 helmet of intelligence (worn)
 h - a +1 cloak of magic resistance (worn)
 k - a +2 robe of magic resistance (worn)
 B - a +1 pair of gloves (worn)
 G - the +1 pair of boots "Haixoti" (worn) {*Corrode rF+++ MR++ Stlth-}
   (You found it on level 2 of the Lair of Beasts)

   It renders you almost immune to fire.
   It affects your resistance to hostile enchantments.
   It may corrode you when you take damage.
   It makes you less stealthy.
Jewellery
 l - an amulet of the acrobat (around neck)
 s - a +2 ring of intelligence (right hand)
 A - a ring of flight (left hand)
Wands
 n - a wand of disintegration (8)
 y - a wand of paralysis (25)
 F - a wand of enslavement (5)
Scrolls
 g - 3 scrolls of fear
 i - 2 scrolls of amnesia
 m - 13 scrolls of identify
 q - 7 scrolls of remove curse
 r - 3 scrolls of teleportation
 u - 7 scrolls of blinking {unknown}
 w - a scroll of vulnerability {unknown}
 C - a scroll of random uselessness {unknown}
 H - a scroll of enchant weapon
 I - a scroll of summoning {unknown}
Potions
 a - 3 potions of flight
 b - 2 potions of might
 d - 12 potions of curing
 j - 5 potions of brilliance
 o - 2 potions of haste
 p - 4 potions of agility {unknown}
 v - 3 potions of mutation {unknown}
 z - 4 potions of lignification {unknown}
 D - a potion of berserk rage {unknown}
 E - a potion of heal wounds
Comestibles
 c - 16 rations
 f - a chunk of flesh


   Skills:
 - Level 5.0 Fighting
 - Level 8.0 Dodging
 - Level 2.4 Stealth
 + Level 13.3 Spellcasting
 - Level 11.4 Conjurations
 * Level 15.4 Fire Magic
 - Level 8.0 Invocations
 - Level 6.0 Evocations


You had 17 spell levels left.
You knew the following spells:

 Your Spells              Type           Power        Failure   Level  Hunger
a - Flame Tongue          Conj/Fire      #####        0%          1    None
b - Sticky Flame          Conj/Fire      #######.     1%          4    None
c - Fireball              Conj/Fire      #######...   1%          5    None
d - Stone Arrow           Conj/Erth      ######       1%          3    None
e - Ignition              Fire           #######...   26%         8    #######

Your spell library contained the following spells:

 Spells                   Type           Power        Failure   Level  Hunger
 Throw Flame              Conj/Fire      ######       0%          2    None
 Magic Dart               Conj           ####         1%          1    None
 Searing Ray              Conj           ######       1%          2    None
 Conjure Flame            Conj/Fire      #######.     1%          3    None
 Dazzling Spray           Conj/Hex       ######       1%          3    None
 Inner Flame              Hex/Fire       ######..     1%          3    None
 Iskenderun's Mystic Bla  Conj           #######.     1%          4    None
 Bolt of Fire             Conj/Fire      #######...   1%          6    ####...
 Animate Skeleton         Necr           N/A          2%          1    None
 Apportation              Tloc           ###...       2%          1    None
 Confusing Touch          Hex            ###...       2%          1    None
 Summon Small Mammal      Summ           ###.         2%          1    None
 Force Lance              Conj/Tloc      ######..     2%          4    None
 Fulminant Prism          Conj/Hex       ######....   2%          4    None
 Blink                    Tloc           N/A          3%          2    None
 Shroud of Golubria       Chrm/Tloc      ###.......   3%          2    None
 Iskenderun's Battlesphe  Conj/Chrm      ######..     6%          5    None
 Lightning Bolt           Conj/Air       ######....   6%          5    None
 Passage of Golubria      Tloc           N/A          24%         4    None
 Summon Forest            Summ/Tloc      ###.......   54%         5    None
 Ring of Flames           Chrm/Fire      ######....   63%         7    #####..
 Fire Storm               Conj/Fire      #######...   100%        9    #######


Dungeon Overview and Level Annotations

Branches:
Dungeon (12/15)            Temple (0/1) D:4            Lair (6/6) D:9
 Shoals (0/4) Lair:4       Spider (0/4) Lair:2        Slime (0/5) Lair:5
    Orc: D:9-12

Altars:
Cheibriados
Dithmenos
Elyvilon
Fedhas
Gozag
Hepliaklqana
Kikubaaqudgha
Makhleb
Qazlal
Sif Muna
Trog
Vehumet
Wu Jian
Yredelemnul
Jiyva

Shops:
D:5 }   D:7 [   D:10 *:*=

Annotations:
D:4 1 runed translucent door, Borgoz's ghost, amateur KoHu


Message History

The komodo dragon bites you but does no damage.
The blink frog blinks! x2
A dream sheep comes into view.
The dream sheep bleats!
The dream sheep seems to regain its courage.
The blink frog blinks! x3
A dream sheep comes into view.
The spiny frog barely misses you.
As you read the scroll of teleportation, it crumbles to dust.
You feel strangely unstable.
The dream sheep bleats! x2
The dream sheep seems to regain its courage.
The dream sheep ruffle their wool and motes of dream dust sparkle, to no effect.
The komodo dragon bites you!!
The blink frog blinks!
The spiny frog completely misses you.
The blink frog blinks!
The dream sheep shake their wool and sparkle.
You feel drowsy...
You fall asleep.
The blink frog blinks!
The komodo dragon bites you!!!
Ouch! That really hurt!
You die...

... ### ...... ##.##
..#... ##...##.§....
###............
#..............
#...F#.............
##.@l......# ......
#......#..........♣
#...................
###...|.......#.....
##F..Y............
#....Y....PP....F
.#.Y..Y....#P....
###...Y..........t
#...P...........


You could see a komodo dragon, a spiny frog, a blink frog (fleeing) and 5 dream
sheep.

Vanquished Creatures
  A minotaur (Gauntlet)
  3 hydras
  4 death yaks (Lair:3)
  Erica (D:10)
  3 two-headed ogres
  Nergalle (D:10)
  Sonja (Lair:2)
  2 unseen horrors (D:10)
  A wizard (Lair:6)
  A manticore (D:11)
  A cyclops (D:11)
  An ugly thing (D:11)
  2 elephants (Lair:6)
  4 black mambas
  3 ice statues
  A smoke demon (Lair:6)
  Psyche (D:8)
  A torpor snail (Lair:6)
  12 spiny frogs
  7 komodo dragons
  An ice devil (Lair:6)
  7 rime drakes
  A polar bear (Lair:5)
  A troll (D:11)
  A raiju (Gauntlet)
  8 blink frogs
  6 hippogriffs
  3 hornets (D:8)
  Sigmund (D:3)
  A shadow (D:11)
  28 yaks
  A wyvern (Lair:6)
  2 basilisks
  A soldier ant (D:8)
  9 water moccasins
  A hell hound (Lair:6)
  12 porcupines
  4 orc warriors
  A sky beast (D:10)
  A black bear (D:8)
  3 ice beasts
  A necrophage (D:6)
  6 ogres
  A phantom (D:8)
  15 wolves
  2 centaurs
  12 crocodiles
  A big kobold (D:7)
  13 bullfrogs
  A wyvern skeleton (D:7)
  4 scorpions
  5 killer bees (D:10)
  An electric eel (Lair:3)
  4 vampire bats (Lair:5)
  2 centaur zombies
  2 howler monkeys (D:7)
  5 crimson imps
  3 bullfrog zombies
  A quasit (D:9)
  3 jellies
  5 hounds
  6 orc wizards
  3 bullfrog skeletons
  2 orc priests
  2 iguanas
  11 worker ants
  2 lightning spires (Gauntlet)
  A mummy (D:6)
  Robin (D:2)
  A worker ant zombie (D:9)
  4 gnolls (D:4)
  A howler monkey skeleton (D:10)
  9 adders
  4 shadow imps
  An ooze (D:1)
  An adder skeleton (D:8)
  3 worms
  4 dart slugs
  4 leopard geckos
  26 orcs
  6 giant cockroaches
  10 goblins
  13 hobgoblins
  7 jackals
  13 kobolds
  6 quokkas
  4 ball pythons
  11 bats
  7 frilled lizards
  A leopard gecko skeleton (D:2)
  5 rats (D:1)
  2 bushes (Lair:6)
  2 fungi (Lair:6)
  3 plants
407 creatures vanquished.

Vanquished Creatures (others)
  12 fungi
  7 plants
19 creatures vanquished.

Grand Total: 426 creatures vanquished

Notes
Turn   | Place    | Note
-------+----------+-------------------------------------------
     0 | D:1      | Hasart the Deep Elf Fire Elementalist began the quest for
                  | the Orb.
     0 | D:1      | Reached XP level 1. HP: 10/10 MP: 6/6
   193 | D:1      | Reached XP level 2. HP: 15/15 MP: 4/8
   493 | D:1      | Reached XP level 3. HP: 19/19 MP: 3/9
  1440 | D:2      | Reached skill level 4 in Fire Magic
  1440 | D:2      | Reached XP level 4. HP: 7/24 MP: 4/11
  1449 | D:2      | Learned a level 4 spell: Sticky Flame
  1809 | D:2      | Noticed Robin
  1825 | D:2      | Killed Robin
  1978 | D:2      | Found a stormy altar of Qazlal.
  1981 | D:2      | Found a blossoming altar of Fedhas.
  2253 | D:2      | Found a bloodstained altar of Trog.
  2700 | D:3      | Reached XP level 5. HP: 22/28 MP: 8/12
  2968 | D:3      | Noticed Sigmund
  2976 | D:3      | Learned a level 5 spell: Fireball
  2984 | D:3      | Killed Sigmund
  2984 | D:3      | Reached skill level 5 in Fire Magic
  2984 | D:3      | Reached XP level 6. HP: 22/32 MP: 6/14
  4420 | D:4      | Found a runed translucent door.
  4421 | D:4      | Noticed Borgoz's ghost (amateur KoHu)
  4593 | D:4      | Found a staircase to the Ecumenical Temple.
  4663 | D:4      | Found a deep blue altar of Sif Muna.
  4666 | D:4      | Became a worshipper of Sif Muna the Loreminder
  4689 | D:5      | Entered Level 5 of the Dungeon
  4698 | D:5      | Got a scorched short sword
  4699 | D:5      | Identified the +7 short sword of Gachabb {pierce, rC+} (You
                  | found it on level 5 of the Dungeon)
  4950 | D:5      | Found Qeocu's Gadget Boutique.
  5248 | D:5      | Reached XP level 7. HP: 36/36 MP: 16/16
  5550 | D:6      | Reached skill level 5 in Spellcasting
  5710 | D:6      | Reached skill level 6 in Fire Magic
  5710 | D:6      | Reached skill level 1 in Invocations
  5710 | D:6      | Reached skill level 1 in Evocations
  5764 | D:6      | Reached skill level 5 in Conjurations
  6021 | D:6      | Found a shadowy altar of Dithmenos.
  6233 | D:6      | Found an ornate altar of the Wu Jian Council.
  6233 | D:6      | Found an ancient bone altar of Kikubaaqudgha.
  6244 | D:6      | Found a hazy altar of Hepliaklqana.
  6244 | D:6      | Reached XP level 8. HP: 34/41 MP: 11/18
  6464 | D:6      | Found a white marble altar of Elyvilon.
  6504 | D:6      | Found a snail-covered altar of Cheibriados.
  6584 | D:7      | Reached skill level 5 in Dodging
  6907 | D:7      | Reached * piety under Sif Muna
  6907 | D:7      | Reached skill level 7 in Fire Magic
  7522 | D:7      | Found Qestrebb's Armour Boutique.
  7745 | D:8      | Noticed Psyche
  7754 | D:8      | Killed Psyche
  7754 | D:8      | Reached XP level 9. HP: 26/45 MP: 7/20
  8094 | D:8      | Reached skill level 8 in Fire Magic
  8163 | D:8      | Reached ** piety under Sif Muna
  8327 | D:8      | Noticed an ice statue
  8457 | D:8      | Killed an ice statue
  8778 | D:8      | Noticed a two-headed ogre
  8823 | D:8      | Killed a two-headed ogre
  8935 | D:8      | Reached XP level 10. HP: 50/50 MP: 18/23
  8988 | D:8      | Found a basalt altar of Yredelemnul.
  9148 | D:8      | Reached skill level 9 in Fire Magic
  9753 | D:9      | Noticed a two-headed ogre
  9757 | D:9      | Killed a two-headed ogre
  9757 | D:9      | Reached skill level 5 in Invocations
  9757 | D:9      | Reached skill level 5 in Evocations
  9964 | D:9      | Found a radiant altar of Vehumet.
  9964 | D:9      | Found an opulent altar of Gozag.
 10082 | D:9      | Found a bloodstained altar of Trog.
 10193 | D:9      | Found a staircase to the Lair.
 10415 | D:9      | Reached *** piety under Sif Muna
 10705 | D:10     | Entered Level 10 of the Dungeon
 10719 | D:10     | Found Bampy's General Store.
 10727 | D:10     | Bought a potion of curing for 51 gold pieces
 10777 | D:10     | Noticed an unseen horror
 10779 | D:10     | Killed an unseen horror
 10831 | D:10     | Noticed Nergalle
 11099 | D:10     | Found Caaciale's Book Boutique.
 11157 | D:10     | Noticed Erica
 11328 | D:10     | Found Radoun's Jewellery Shop.
 11344 | D:10     | Reached skill level 10 in Fire Magic
 11462 | D:10     | Found Xoanoj's Assorted Antiques.
 11806 | D:10     | Killed Erica
 11900 | D:10     | Reached XP level 11. HP: 36/54 MP: 3/25
 12033 | D:10     | Killed Nergalle
 12170 | D:10     | Reached **** piety under Sif Muna
 12291 | D:10     | Noticed an unseen horror
 12293 | D:10     | Killed an unseen horror
 12293 | D:10     | Reached skill level 10 in Conjurations
 12657 | D:11     | Noticed a cyan ugly thing
 12662 | D:11     | Killed a cyan ugly thing
 12778 | D:11     | Found a gate leading to a gauntlet.
 12815 | Gauntlet | Entered a Gauntlet
 12815 | Gauntlet | Found a transporter.
 12815 | Gauntlet | Found a transporter.
 12815 | Gauntlet | Found a transporter.
 12816 | Gauntlet | Found a transporter.
 12817 | Gauntlet | Found a transporter.
 12819 | Gauntlet | Noticed a tengu warrior
 12820 | Gauntlet | Found a transporter.
 12824 | Gauntlet | Noticed a wizard
 12827 | Gauntlet | Found a transporter.
 12829 | Gauntlet | Found a transporter.
 12831 | Gauntlet | Found a transporter.
 12833 | Gauntlet | Found a transporter.
 12835 | Gauntlet | Noticed a hell beast
 12840 | Gauntlet | Found a transporter.
 12843 | Gauntlet | Found a transporter.
 13382 | Gauntlet | Reached skill level 11 in Fire Magic
 13652 | Gauntlet | Noticed a minotaur
 13664 | Gauntlet | Killed a minotaur
 13906 | D:11     | Reached ***** piety under Sif Muna
 14350 | D:11     | Reached skill level 10 in Spellcasting
 14350 | D:11     | Noticed a two-headed ogre
 14354 | D:11     | Killed a two-headed ogre
 14354 | D:11     | Identified Sif Muna's Volume of Flames and the Mountains
                  | (Sif Muna gifted it to you on level 11 of the Dungeon)
 14354 | D:11     | Received a gift from Sif Muna
 14366 | D:11     | Learned a level 3 spell: Stone Arrow
 14433 | D:11     | Noticed a centaur warrior
 14664 | Lair:1   | Entered Level 1 of the Lair of Beasts
 15187 | Lair:1   | Reached skill level 1 in Fighting
 15187 | Lair:1   | Reached skill level 12 in Fire Magic
 15187 | Lair:1   | Reached XP level 12. HP: 60/60 MP: 17/28
 15432 | Lair:1   | Noticed a seven-headed hydra
 15435 | Lair:1   | Killed a seven-headed hydra
 16076 | Lair:2   | Noticed Sonja
 16208 | Lair:2   | Noticed a seven-headed hydra
 16220 | Lair:2   | Killed a seven-headed hydra
 16776 | Lair:2   | Got a pair of heavily runed boots
 16782 | Lair:2   | Identified the +1 pair of boots "Haixoti" {*Corrode rF+++
                  | MR++ Stlth-} (You found it on level 2 of the Lair of
                  | Beasts)
 17381 | Lair:2   | Killed Sonja
 17381 | Lair:2   | Reached skill level 13 in Fire Magic
 17749 | Lair:2   | Found a hole to the Spider Nest.
 18305 | Lair:3   | Noticed a death yak
 18328 | Lair:3   | Killed a death yak
 18409 | Lair:3   | Noticed a death yak
 18415 | Lair:3   | Noticed a death yak
 18423 | Lair:3   | Killed a death yak
 18558 | Lair:3   | Identified Gijoxto's Handbook of Displaced Confrontation
                  | (Sif Muna gifted it to you on level 3 of the Lair of
                  | Beasts)
 18558 | Lair:3   | Received a gift from Sif Muna
 19115 | Lair:3   | Noticed a death yak
 19127 | Lair:3   | Killed a death yak
 19610 | Lair:3   | Killed a death yak
 19610 | Lair:3   | Reached skill level 14 in Fire Magic
 19861 | Lair:4   | Reached XP level 13. HP: 72/72 MP: 20/31
 20071 | Lair:4   | Found a staircase to the Shoals.
 21493 | Lair:5   | Found a viscous altar of Jiyva.
 21493 | Lair:5   | Found a staircase to the Slime Pits.
 21981 | Lair:5   | Reached skill level 5 in Fighting
 22500 | Lair:6   | Entered Level 6 of the Lair of Beasts
 23214 | Lair:5   | Identified Sif Muna's Almanac of the Igneous Compass (Sif
                  | Muna gifted it to you on level 5 of the Lair of Beasts)
 23214 | Lair:5   | Received a gift from Sif Muna
 23214 | Lair:5   | Reached skill level 15 in Fire Magic
 23370 | Lair:6   | Learned a level 8 spell: Ignition
 23712 | Lair:6   | Noticed a dire elephant
 23818 | Lair:6   | Found a burning altar of Makhleb.
 23846 | Lair:6   | Slain by a komodo dragon

Levels and vault maps discovered:
D:1:      minmay_arrival_widening_spiral_narrow, layout_loops_ring,
          minmay_cupped
D:2:      layout_loops_ring, grunt_temple_overflow_forces_of_nature,
          trog_butcher_becter, uniq_robin
D:3:      layout_loops_ring, first_ration, uniq_sigmund
D:4:      layout_layer_cave, lemuel_blue_sif_altar, temple_hall,
          ebering_ghost_sewer_d
D:5:      layout_gridville, serial_shops, nicolae_shop_stone
D:6:      layout_rooms, lemuel_crystal_altar, slow_altar_2, kennysheep_mini,
          nicolae_dithmenos_shadow_blocks, gammafunk_temple_overflow_elements
D:7:      layout_rooms, serial_shops, nicolae_shop_statue_plus
D:8:      lemuel_ice_statue, layout_basic, lemuel_doored_altar, serial_curves,
          eino_curves_04, eino_curves_03, hangedman_pestilent_swarm, uniq_psyche
D:9:      layout_irregular_city, lemuel_crystal_altar,
          grunt_temple_overflow_open, dpeg_oklobed_lair, item_on_display_a
D:10:     layout_loops_ring, serial_shops, shop, shop,
          nicolae_shop_competitors_out_of_business, nicolae_shop_trees,
          uniq_nergalle, uniq_erica
D:11:     layout_long_grid, gauntlet_entry_generic, minmay_st_funbox,
          dk_noncrumbling_3
D:12:     layout_irregular_city, orc_0_dummy, basic_altar, uniq_josephine
Lair:1:   layout_cave_pods
Lair:2:   layout_concentric_octagons, nicolae_spider_entry_non_spiders,
          uniq_sonja
Lair:3:   layout_layer_cave, nicolae_quartered_pool_super, grunt_megastairs_3
Lair:4:   layout_concentric_octagons, elwin_shoals_entry_rocks
Lair:5:   layout_regular_city, slime_altar_1, roderic_batcave,
          grunt_megastairs_2
Lair:6:   evil_forest, layout_misc_corridors, chequers_serial_rivers_room_b,
          chequers_serial_rivers_micro_d
Gauntlet: minmay_gauntlet_mixed_big_or_small [nicolae_gauntlet_arena_x,
          minmay_gauntlet_arena_77_broken_ladder, nicolae_gauntlet_swirl,
          minmay_gauntlet_arena_77_block_sizes,
          gammafunk_gauntlet_arena_split_diamond,
          minmay_gauntlet_arena_77_checkered, gauntlet_exit_green]

Skill      XL: |  1  2  3  4  5  6  7  8  9 10 11 12 13 |
---------------+----------------------------------------+-----
Conjurations   | 2 3 4 5 6 8 9 11 | 11.4
Dodging        | 3 4 5 6 7 8 |  8.0
Fire Magic     | 4 5 6 7 8 10 12 14 15 | 15.4
Spellcasting   | 4 5 6 7 8 10 12 13 | 13.3
Invocations    | 2 3 4 5 6 8 |  8.0
Evocations     | 2 3 4 5 6 |  6.0
Fighting       | 1 4 5 |  5.0
Stealth        | |  2.4

Action                   |  1- 3 |  4- 6 |  7- 9 | 10-12 | 13-15 || total
-------------------------+-------+-------+-------+-------+-------++-------
Melee: Unarmed           |     5 |       |       |       |       ||     5
       Short sword       |     1 |    12 |    19 |    43 |    20 ||    95
 Cast: Flame Tongue      |    64 |   122 |   134 |   155 |    41 ||   516
       Sticky Flame      |       |     4 |    25 |    65 |    26 ||   120
       Fireball          |       |       |    12 |   133 |    75 ||   220
       Stone Arrow       |       |       |       |       |     6 ||     6
 Abil: Evoke Flight      |       |       |     1 |       |       ||     1
Evoke: Wand              |       |       |       |    11 |       ||    11
  Use: Scroll            |       |       |     7 |     2 |     9 ||    18
       Potion            |       |       |       |     4 |       ||     4
  Eat: Chunk             |       |    10 |    11 |    30 |    13 ||    64
       Ration            |       |     1 |     2 |     5 |       ||     8
Armor: Robe              |     5 |     1 |     1 |    54 |    22 ||    83
       Animal skin       |       |    11 |     8 |       |       ||    19
Dodge: Dodged            |    36 |    33 |    76 |   173 |   120 ||   438

Table legend:
 A = Non-vault XP
 B = Vault XP
 C = Vault XP percentage of total XP
 D = Non-vault monster count
 E = Vault monster count
 F = Vault count percentage of total count
                 A         B        C        D         E       F
            +---------+---------+-------+---------+---------+-------
      Total |   46500 |   11363 |  19.6 |     341 |      59 |  14.8
            +---------+---------+-------+---------+---------+-------
        D:1 |      58 |       4 |   6.5 |      30 |       2 |   6.2
        D:2 |      68 |      37 |  35.2 |      19 |      12 |  38.7
        D:3 |      57 |     227 |  79.9 |      13 |       1 |   7.1
        D:4 |     184 |       0 |   0.0 |      15 |       0 |   0.0
        D:5 |     102 |       0 |   0.0 |       7 |       0 |   0.0
        D:6 |     819 |      18 |   2.2 |      16 |       1 |   5.9
        D:7 |     964 |       0 |   0.0 |      27 |       0 |   0.0
        D:8 |    2121 |    1666 |  44.0 |      15 |       6 |  28.6
        D:9 |    1486 |       0 |   0.0 |      20 |       0 |   0.0
       D:10 |    3450 |    1714 |  33.2 |      27 |       2 |   6.9
       D:11 |    4075 |       0 |   0.0 |      24 |       0 |   0.0
     Lair:1 |    3499 |       2 |   0.1 |      18 |       1 |   5.3
     Lair:2 |    5283 |     985 |  15.7 |      20 |       7 |  25.9
     Lair:3 |    6203 |     688 |  10.0 |      17 |       3 |  15.0
     Lair:4 |    3379 |       0 |   0.0 |      20 |       0 |   0.0
     Lair:5 |    6392 |     564 |   8.1 |      26 |      10 |  27.8
     Lair:6 |    8360 |    1987 |  19.2 |      27 |       5 |  15.6
   Gauntlet |       0 |    3471 | 100.0 |       0 |       9 | 100.0
            +---------+---------+-------+---------+---------+-------
